 Dungeon Crawl Stone Soup version 0.31-a0-1576-ga3383bade6 (webtiles) character file.

Game seed: 14661122681812453690

109 Flugslaktarn the Trooper (level 4, -1/42 HPs)
             Began as a Minotaur Fighter on Jan 4, 2024.
             Slain by a gnoll
             ... wielding a +0 halberd
              (11 damage)
             ... on level 3 of the Dungeon.
             The game lasted 00:00:34 (1328 turns).

Flugslaktarn the Trooper (Minotaur Fighter)         Turns: 1328, Time: 00:00:35

Health: -1/42      AC:  7    Str: 22    XL:     4   Next: 60%
Magic:  3/3        EV:  9    Int:  5    God:
Gold:   65         SH:  4    Dex: 10    Spells: 3/3 levels left

rFire   . . .        a - +0 war axe
rCold   . . .        c - +0 buckler
rNeg    . . .        b - +0 scale mail
rPois   .            (helmet restricted)
rElec   .            (no cloak)
rCorr   .            (no gloves)
SInv    .            (no boots)
Will    .....        (no amulet) Stlth
                     (no ring)
HPRegen 0.27/turn    (no ring)
MPRegen 0.08/turn

%: no passive effects
@: no status effects
A: horns 2, retaliatory headbutt
a: no special abilities


You were on level 3 of the Dungeon.
You visited 1 branch of the dungeon, and saw 3 of its levels.

You collected 65 gold pieces.

Inventory:

Hand Weapons
 a - a +0 war axe (weapon)
Armour
 b - a +0 scale mail (worn)
 c - a +0 buckler (worn)
Scrolls
 h - a scroll of identify {unknown}
 i - a scroll of silence {unknown}
 k - a scroll of poison {unknown}
Potions
 d - a potion of might
 e - a potion of lignification {unknown}
 f - 2 potions of berserk rage {unknown}
 g - a potion of curing {unknown}
 j - a potion of mutation {unknown}


   Skills:
 * Level 5.0 Fighting
 * Level 4.1 Axes
 + Level 4.3 Armour
 - Level 3.6 Shields


You had 3 spell levels left.
You didn't know any spells.
Your spell library contained the following spells:

 Spells                   Type           Power      Damage    Failure   Level
 Stone Arrow              Conj/Erth      0%         3d7       99%         3
 Animate Armour           Summ/Erth      0%         N/A       100%        4
 Lehudib's Crystal Spear  Conj/Erth      0%         10d2      100%        8


Dungeon Overview and Level Annotations

Branches:
Dungeon (3/15)

Altars:


Innate Abilities, Weirdness & Mutations

You have a pair of horns on your head.
You reflexively headbutt those who attack you in melee.


Message History

The jackal is severely wounded.
The jackal bites you. The jackal completely misses you.
A jackal is nearby!
You hit the jackal. Your headbutt misses the jackal.
The jackal is almost dead.
The jackal barely misses you. x2
A jackal is nearby!
You hit the jackal.
You kill the jackal!
No target in view!
A bombardier beetle comes into view.
There is a stone staircase leading up here.
A bombardier beetle is nearby!
A bombardier beetle is nearby!
You slash the bombardier beetle!
The bombardier beetle is severely wounded.
You slash the bombardier beetle!
You kill the bombardier beetle!
Your Axes skill increases to level 4!
You have reached level 4!
You feel agile.
Found a robe.
Found a stone staircase leading down.
Found an escape hatch in the floor.
No target in view!
No target in view!
No target in view!
No target in view!
No target in view!
There is a stone staircase leading down here.
A ball python comes into view.
The ball python hisses angrily.
A ball python is nearby!
A ball python is nearby!
A hobgoblin comes into view.
The hobgoblin shouts!
The ball python misses you. The ball python closely misses you.
The ball python bites you but does no damage.
The ball python grabs you. The ball python constricts you.
You barely miss the ball python. Your headbutt misses the ball python.
You hit the fungus.
The fungus begins to die.
You block the ball python's attack. The ball python constricts you.
You hit the ball python.
You kill the ball python!
You slash the fungus!
The hobgoblin hits you but does no damage.
You closely miss the hobgoblin. You slash the fungus!
A nearby fungus withers and dies.
The hobgoblin completely misses you.
You barely miss the hobgoblin. You headbutt the hobgoblin.
You kill the hobgoblin!
No target in view!
No target in view!
You see here a ball python corpse.
Found an orcbow.
A gnoll comes into view. It is wielding a +0 halberd.
A gnoll comes into view. It is wielding a +0 flail.
The gnoll shouts! x2
There are monsters nearby!
A gnoll comes into view. It is wielding a +0 club.
There are monsters nearby!
The gnoll shouts!
You hear a shout!
The gnoll barely misses you.
A gnoll comes into view. It is wielding a +0 spear.
A kobold comes into view. It is wielding a +0 dagger.
You closely miss the gnoll. The gnoll closely misses you.
You furiously retaliate!
You headbutt the gnoll, but do no damage.
A dart slug comes into view.
You slash the gnoll!
The gnoll is severely wounded.
The gnoll closely misses you. You block the gnoll's attack.
You barely miss the gnoll.
The gnoll is severely wounded.
The gnoll barely misses you. The gnoll hits you with a +0 flail.
You hit the gnoll.
You kill the gnoll!
The gnoll hits you from afar with a +0 halberd!
Your Fighting skill increases to level 5!
You slash the gnoll!
The gnoll is heavily wounded.
The gnoll hits you from afar with a +0 halberd!
The gnoll hits you from afar with a +0 spear.
You block the gnoll's attack.
The gnoll hits you from afar with a +0 halberd!
* * * LOW HITPOINT WARNING * * *
The gnoll hits you but does no damage. The gnoll barely misses you.
You hit the gnoll.
The gnoll is almost dead.
The gnoll closely misses you.
The gnoll hits you from afar with a +0 spear.
* * * LOW HITPOINT WARNING * * *
The gnoll hits you but does no damage.
You are too injured to fight recklessly!
You are too injured to fight recklessly!
The gnoll attacks as it pursues you! The gnoll closely misses you.
You furiously retaliate!
You headbutt the gnoll.
You kill the gnoll!
The gnoll attacks as it pursues you!
The gnoll hits you from afar with a +0 halberd!
You die...

†..#.....# #..
P....#.#.####.#
.P.........##.#
P....#.#.#.##.#
##
P..#.....#.##.##
..
P..............#
.#
..####.###.....#
.# ... ..#
#####.####gw##..
..# ####
#..@)g.K)...
############


You could see 2 gnolls, a dart slug and a kobold.

Vanquished Creatures
  A bombardier beetle (D:3)
  2 gnolls (D:3)
  2 adders
  A dart slug (D:1)
  5 ball pythons
  5 endoplasms
  A giant cockroach (D:1)
  4 goblins
  3 hobgoblins
  8 jackals
  2 quokkas (D:1)
  3 bats (D:1)
  3 frilled lizards (D:1)
  A kobold (D:1)
  4 rats
45 creatures vanquished.

Notes
Turn   | Place    | Note
-------+----------+-------------------------------------------
     0 | D:1      | Flugslaktarn the Minotaur Fighter began the quest for the
                  | Orb.
     0 | D:1      | Reached XP level 1. HP: 19/19 MP: 0/0
   161 | D:1      | Found a faded altar of an unknown god.
   369 | D:1      | Reached XP level 2. HP: 20/27 MP: 1/1
   370 | D:1      | Reached skill level 4 in Fighting
   865 | D:2      | Reached XP level 3. HP: 26/34 MP: 2/2
  1274 | D:3      | Reached XP level 4. HP: 41/41 MP: 3/3
  1326 | D:3      | Reached skill level 5 in Fighting
  1328 | D:3      | Slain by a gnoll

Illustrated notes

Levels and vault maps discovered:
D:1:      saegor_arrival_miasma, layout_loops_corners,
          shapermc_ecumenical_altar_mp_urbaneastern
D:2:      layout_basic, kennysheep_generic_room_8
D:3:      layout_loops_ring, nicolae_overflow_crystal_walls, dk_noncrumbling_4,
          dreamdust_mushroom_princess, glass_columns_a

Skill      XL: |  1  2  3  4 |
---------------+-------------+-----
Fighting       | 4 5 |  5.0
Axes           | 3 4 |  4.1
Armour         | 4 |  4.3
Shields        | |  3.6

Action                     |  1- 3 |  4- 6 || total
---------------------------+-------+-------++-------
  Melee: War axe           |    75 |    10 ||    85
         Headbutt          |     9 |     1 ||    10
 Armour: Scale mail        |    55 |    11 ||    66
  Dodge: Dodged            |    29 |    10 ||    39
  Block: Buckler           |    22 |     3 ||    25

Table legend: (Time is in decaauts)
 A = Elapsed time spent in this place.
 B = Non-inter-level travel time spent in this place.
 C = Inter-level travel time spent in this place.
 D = Time resting spent in this place.
 E = Time spent auto-exploring this place.
 F = Levels seen in this place.
 G = Mean time per level.
                   A        B        C        D        E       F      G
               +--------+--------+--------+--------+--------+-----+--------+
         Total |   1357 |   1297 |     60 |      0 |   1095 |   3 |  452.3 |
       Dungeon |   1357 |   1297 |     60 |      0 |   1095 |   3 |  452.3 |
               +--------+--------+--------+--------+--------+-----+--------+

Top non-repeatable levels by time:
     D:1: 856 daAuts
     D:2: 421 daAuts
     D:3: 79 daAuts
